 Dungeon Crawl Stone Soup version 0.26-a0-1033-gd598b01645 (webtiles) character file.

Game seed: 18295620596445153410

2230 lunkers the Arsonist (level 9, -1/45 HPs)
             Began as a Deep Elf Fire Elementalist on Dec 10, 2020.
             Was a Follower of Vehumet.
             Slain by a vampire mosquito (11 damage)
             ... on level 6 of the Dungeon.
             The game lasted 00:11:16 (7252 turns).

lunkers the Arsonist (Deep Elf Fire Elementalist)   Turns: 7252, Time: 00:11:17

Health: -1/45      AC:  6    Str:  5    XL:     9   Next: 14%
Magic:  16/22      EV: 12    Int: 24    God:    Vehumet [*.....]
Gold:   310        SH:  0    Dex: 15    Spells: 13/23 levels left

rFire    + . .     SeeInvis .   w - +1 flail (protect)
rCold    . . .     Faith    .   (no shield)
rNeg     . . .     Spirit   .   z - +1 leather armour {rF+}
rPois    .         Reflect  .   (no helmet)
rElec    .         Harm     .   (no cloak)
rCorr    .         Rampage  .   e - +0 pair of gloves
Will     .....                  b - +0 pair of boots
Stlth    +++.......             j - amulet of regeneration
HPRegen  0.55/turn              q - ring of stealth
MPRegen  0.18/turn              (no ring)

@: no status effects
A: no striking features
a: Renounce Religion


You were on level 6 of the Dungeon.
You worshipped Vehumet.
Vehumet was aware of your devotion.
You visited 2 branches of the dungeon, and saw 8 of its levels.

You collected 310 gold pieces.

Inventory:

Hand Weapons
 w - a +1 flail of protection (weapon)
Armour
 b - a +0 pair of boots (worn)
 e - a +0 pair of gloves (worn)
 z - a +1 leather armour of fire resistance (worn)
Jewellery
 g - an uncursed amulet of guardian spirit
 j - an amulet of regeneration (around neck)
 q - a ring of stealth (left hand)
Wands
 s - a wand of disintegration (16)
 y - a wand of acid (6)
 E - a wand of polymorph (3)
Scrolls
 c - 3 scrolls of remove curse {unknown}
 f - 2 scrolls of amnesia {unknown}
 h - 3 scrolls of enchant armour {unknown}
 i - 5 scrolls of teleportation
 k - a scroll of magic mapping {unknown}
 l - a scroll of noise {unknown}
 t - a scroll of immolation {unknown}
 v - 3 scrolls of enchant weapon {unknown}
 x - a scroll of fog {unknown}
 C - a scroll of fear {unknown}
 F - a scroll of blinking {unknown}
Potions
 d - a potion of resistance
 m - 2 potions of heal wounds
 n - a potion of flight
 o - 2 potions of haste
 p - 5 potions of curing
 r - 2 potions of mutation
 u - a potion of cancellation
 B - a potion of might
 D - a potion of brilliance {unknown}
 G - a potion of lignification {unknown}


   Skills:
 - Level 2.4 Dodging
 - Level 2.4 Stealth
 + Level 7.6 Spellcasting
 * Level 8.5 Conjurations
 * Level 9.1 Fire Magic


You had 13 spell levels left.
You knew the following spells:

 Your Spells              Type           Power        Failure   Level
b - Sticky Flame          Conj/Fire      ######..     3%          4
c - Fireball              Conj/Fire      ######....   9%          5
p - Foxfire               Conj/Fire      ####         1%          1

Your spell library contained the following spells:

 Spells                   Type           Power        Failure   Level
 Sandblast                Erth           #.....       12%         1
 Conjure Flame            Conj/Fire      ######..     1%          3
 Inner Flame              Hex/Fire       ####....     5%          3
 Dazzling Flash           Conj/Hex       ####..       6%          3
 Corona                   Hex            #......      12%         1
 Ensorcelled Hibernation  Hex/Ice        #.....       17%         2
 Confusing Touch          Hex            #.......     34%         3
 Tukima's Dance           Hex            #.......     34%         3


Dungeon Overview and Level Annotations

Branches:
Dungeon (7/15)             Temple (1/1) D:4

Altars:
Ashenzari
Cheibriados
Dithmenos
Elyvilon
Fedhas
Gozag
Hepliaklqana
Kikubaaqudgha
Makhleb
Nemelex Xobeh
Okawaru
Qazlal
Ru
Sif Muna
Trog
Uskayaw
Vehumet
Wu Jian
Xom
Yredelemnul
The Shining One


Message History

The vampire mosquito bites you.
* * * LOW HITPOINT WARNING * * *
The vampire mosquito draws strength from your injuries!
The vampire mosquito closely misses you.
The vampire mosquito barely misses you.
You climb upwards.
There is a stone staircase leading down here.
Unknown command.
Casting: Foxfire (safe; 1% risk of failure)
Confirm with . or Enter, or press ? or * to list all spells.
Aiming: Sticky Flame (dangerous; 3% risk of failure)
Press: ? - help, Shift-Dir - straight line, f - vampire mosquito
Aim: a vampire mosquito (0% to evade)
The sticky flame hits the vampire mosquito.
The vampire mosquito is lightly damaged.
The vampire mosquito is covered in liquid flames!
The vampire mosquito burns!
The vampire mosquito barely misses you.
The vampire mosquito bites you but does no damage.
The vampire mosquito barely misses you. The vampire mosquito bites you!
You die...

.................#
).......###############
......................#
............##..#####.#
.........##..#..#####.#
....................#)####
......[..........##.#<...#
..........[)....y##.#.##.#
................@y..#.[..#
...............##.########
#########..........)#
......# ##......#####
......####.#....###
..................#
..................#
..................#
...............)..#


You could see 2 vampire mosquitoes.

Vanquished Creatures
  Edmund (D:5)
  A water moccasin (D:6)
  An orc warrior (D:6)
  A black bear (D:6)
  3 phantoms
  2 sky beasts
  2 centaurs
  3 bullfrogs
  4 scorpions
  A howler monkey (D:6)
  3 hounds
  A jelly (D:5)
  3 orc priests
  5 orc wizards
  An iguana (D:6)
  6 worker ants
  A hound zombie (D:7)
  A hound skeleton (D:4)
  11 adders
  An ufetubus (D:7)
  4 oozes
  An adder zombie (D:5)
  An adder skeleton (D:5)
  2 worms (D:2)
  2 dart slugs
  5 leopard geckos
  22 orcs
  2 ball pythons
  A giant cockroach (D:3)
  6 goblins
  7 hobgoblins
  4 jackals
  12 kobolds
  A quokka (D:2)
  8 bats
  5 frilled lizards
  A giant cockroach zombie (D:6)
  13 rats
149 creatures vanquished.

Vanquished Creatures (others)
  796 foxfires
796 creatures vanquished.

Grand Total: 945 creatures vanquished

Notes
Turn   | Place    | Note
-------+----------+-------------------------------------------
     0 | D:1      | lunkers the Deep Elf Fire Elementalist began the quest for
                  | the Orb.
     0 | D:1      | Reached XP level 1. HP: 10/10 MP: 6/6
   277 | D:1      | Found a shimmering altar of Xom.
   381 | D:1      | Reached XP level 2. HP: 14/15 MP: 2/8
  1165 | D:2      | Reached XP level 3. HP: 16/19 MP: 2/9
  1172 | D:2      | Reached skill level 4 in Fire Magic
  2017 | D:2      | Noticed a scorpion
  2022 | D:2      | Killed a scorpion
  2023 | D:2      | Reached XP level 4. HP: 24/24 MP: 3/12
  2621 | D:3      | Noticed a phantom
  2638 | D:3      | Killed a phantom
  2639 | D:3      | Reached skill level 5 in Fire Magic
  2639 | D:3      | Reached XP level 5. HP: 23/28 MP: 4/13
  3067 | D:3      | Reached XP level 6. HP: 9/32 MP: 6/14
  3890 | D:4      | Reached skill level 5 in Spellcasting
  3977 | D:4      | Reached skill level 5 in Conjurations
  3979 | D:4      | Found a staircase to the Ecumenical Temple.
  3990 | Temple   | Entered the Ecumenical Temple
  4270 | Temple   | Became a worshipper of Vehumet
  4381 | D:4      | Reached skill level 6 in Fire Magic
  4498 | D:4      | Reached XP level 7. HP: 36/36 MP: 14/16
  4519 | D:4      | Found a glowing golden altar of the Shining One.
  4703 | D:5      | Entered Level 5 of the Dungeon
  4893 | D:5      | Learned a level 4 spell: Sticky Flame
  4899 | D:5      | Learned a level 5 spell: Fireball
  5313 | D:5      | Noticed Edmund
  5332 | D:5      | Killed Edmund
  5333 | D:5      | Reached skill level 7 in Fire Magic
  5333 | D:5      | Reached XP level 8. HP: 32/41 MP: 6/19
  5506 | D:5      | Found a snail-covered altar of Cheibriados.
  5888 | D:6      | Reached * piety under Vehumet
  5888 | D:6      | Offered knowledge of Freeze by Vehumet.
  6115 | D:6      | Reached skill level 8 in Fire Magic
  6468 | D:6      | Reached XP level 9. HP: 40/45 MP: 4/22
  6923 | D:7      | Offered knowledge of Sandblast by Vehumet.
  7015 | D:7      | Reached skill level 9 in Fire Magic
  7252 | D:6      | Slain by a vampire mosquito

Illustrated notes

Levels and vault maps discovered:
D:1:      dpeg_arrival_long_road, layout_basic, xom_teletrap_fun
D:2:      layout_loops_ring
D:3:      minmay_evil_eye, layout_rooms
D:4:      layout_basic, minmay_temple_entry_mini_moons, st_stairs_10,
          minivault_23, nicolae_tso_swordbearing_angel
D:5:      layout_basic, cheibriados_altar_1, uniq_edmund
D:6:      layout_basic
D:7:      layout_layer_cave
Temple:   nicolae_temple_the_god_donut

Skill      XL: |  1  2  3  4  5  6  7  8  9 |
---------------+----------------------------+-----
Conjurations   | 2 3 4 5 6 8 |  8.5
Fire Magic     | 4 5 6 7 8 9 |  9.1
Spellcasting   | 4 5 6 7 |  7.6
Dodging        | |  2.4
Stealth        | |  2.4

Action                   |  1- 3 |  4- 6 |  7- 9 || total
-------------------------+-------+-------+-------++-------
Melee: Unarmed           |    10 |     2 |       ||    12
       Flail             |       |       |    19 ||    19
 Cast: Foxfire           |   142 |   158 |   179 ||   479
       Sticky Flame      |       |       |    17 ||    17
  Use: Scroll            |       |       |     9 ||     9
Armor: Robe              |     8 |     7 |     2 ||    17
       Leather armour    |       |       |    20 ||    20
Dodge: Dodged            |    18 |    40 |    49 ||   107

Table legend: (Time is in decaauts)
 A = Elapsed time spent in this place.
 B = Non-inter-level travel time spent in this place.
 C = Inter-level travel time spent in this place.
 D = Time resting spent in this place.
 E = Time spent auto-exploring this place.
 F = Levels seen in this place.
 G = Mean time per level.
                   A        B        C        D        E       F      G
               +--------+--------+--------+--------+--------+-----+--------+
         Total |   7259 |   7208 |     51 |    155 |   5861 |   8 |  907.4 |
       Dungeon |   6968 |   6917 |     51 |    155 |   5595 |   7 |  995.4 |
        Temple |    291 |    291 |      0 |      0 |    266 |   1 |  291.0 |
               +--------+--------+--------+--------+--------+-----+--------+

Top non-repeatable levels by time:
     D:2: 1427 daAuts
     D:1: 1157 daAuts
     D:5: 1094 daAuts
     D:4: 1004 daAuts
     D:6: 1000 daAuts
     D:3: 820 daAuts
     D:7: 462 daAuts
  Temple: 291 daAuts
